[Event "Oceania Zonal Open 2023"]
[Site "Melbourne"]
[Date "2023.01.24"]
[Round "2.8"]
[White "Lacson, Joemar"]
[Black "Solomon, Stephen J"]
[Result "0-1"]
[ECO "A29"]
[WhiteElo "1815"]
[BlackElo "2279"]
[Annotator "TA"]
[PlyCount "98"]
[EventDate "2023.01.09"]
[EventType "swiss"]
[EventCountry "AUS"]
[SourceTitle "playchess.com"]
[Source "ChessBase"]
[SourceQuality "1"]
[TimeControl "5400+30"]

1. g3 e5 2. c4 Nf6 3. Bg2 d5 4. cxd5 Nxd5 5. Nc3 Nb6 6. Nf3 Nc6 7. O-O Be7 8. d3 O-O 9. Bd2 Re8 10. Rc1 Bf8 11. a3 Nd4 {[%emt 0:04:43] A29: English Opening: Four Knights Variation with 4 g3.} 12. Ne4 c6 {[%emt 0:07:39] [#]} 13. e3 $146 (13. Nxd4 $11 exd4 14. b4) ({Predecessor:} 13. Nc5 Nd7 14. Ne4 a5 15. Nxd4 exd4 16. Bf4 Ne5 17. Qb3 a4 18. Qc2 Ra5 19. Rfe1 {½-½ Taspinar,Y (2348)-Baches Garcia,G (2326) Titled Tuesday intern op 14th Jun Early blitz 2022 (6)}) 13... Nxf3+ $17 {[%emt 0:02:24] Black is better.} 14. Qxf3 f5 15. Nc5 {[%emt 0:00:22] [#]} ({But not} 15. Qh5 $2 fxe4 16. dxe4 Bg4 17. Qxg4 Qxd2 $19) 15... e4 $1 16. Qh5 g6 $36 {[%emt 0:04:32][%mdl 2048] Black is more active.} ({Reject} 16... exd3 17. b4 $11) 17. Qe2 Bxc5 18. Rxc5 Qxd3 19. Qxd3 exd3 20. b4 (20. b3 $15) 20... a6 21. Rfc1 {[%emt 0:06:38] White is weak on the light squares} Be6 22. R5c3 Rad8 {[%emt 0:01:41] aiming for ...Na4.} 23. Rc5 Bb3 24. R5c3 Bd5 {[%emt 0:04:21] Black has more active pieces.} 25. Bxd5+ Rxd5 26. Kf1 Kf7 27. Rc5 (27. h3 $17 {might work better.}) 27... Rxc5 $19 28. Rxc5 {[%emt 0:01:41][%mdl 4096] Endgame KRB-KRN} Na4 29. Rc1 Rd8 30. Ke1 Nb2 31. Rc5 (31. Rc3 $142) 31... Rd5 32. Rc1 (32. Rxd5 {was called for.} cxd5 33. Bc3) 32... Ke6 33. f3 Kd7 34. Kf2 b5 35. Rc3 $2 (35. e4 fxe4 36. fxe4) 35... Nd1+ {[%emt 0:00:41] Black is clearly winning.} 36. Ke1 Nxc3 37. Bxc3 {[%emt 0:00:02] [#] KR-KB} d2+ $1 38. Bxd2 (38. Kd1 Rd3) 38... Rd3 39. Bc1 {[%emt 0:00:16] [#]} c5 $1 40. bxc5 (40. h3 c4) 40... Kc6 41. Ke2 Rd7 42. e4 fxe4 43. fxe4 Kxc5 44. Ke3 Rd1 45. Bb2 a5 46. Bc3 b4 47. axb4+ axb4 48. Bd2 {[%emt 0:00:03] [#]} Rxd2 $1 {[%emt 0:00:32][%mdl 576] Deflection} 49. Kxd2 Kd4 {[%emt 0:00:05] White did not feel at home in the position after the opening.   Weighted Error Value: White=0.91/Black=0.09 (flawless)} 0-1

[Event "Oceania Zonal Open 2023"]
[Site "Melbourne"]
[Date "2023.01.24"]
[Round "2.8"]
[White "Rathinalingam, Nethaji"]
[Black "Nemeth, John"]
[Result "0-1"]
[ECO "B26"]
[WhiteElo "1782"]
[BlackElo "2157"]
[Annotator "TA"]
[PlyCount "58"]
[EventDate "2023.01.09"]
[EventType "swiss"]
[EventCountry "AUS"]
[SourceTitle "playchess.com"]
[Source "ChessBase"]
[SourceQuality "1"]
[TimeControl "5400+30"]

1. e4 c5 2. Nc3 Nc6 3. g3 g6 4. Bg2 Bg7 5. d3 d6 6. Be3 e6 7. Qd2 Nge7 8. Bh6 O-O 9. Bxg7 Kxg7 10. h4 f6 (10... h5 $11) 11. g4 {[%emt 0:03:15] B26: Closed Sicilian: 3 g3, lines with early Be3.} (11. h5 $1 $14) 11... Nd4 {[%emt 0:08:23] [#]} (11... e5 $5 ) 12. f4 $146 ({Predecessor:} 12. Nce2 Nec6 13. c3 Nxe2 14. Nxe2 e5 15. g5 Be6 16. f4 Qe7 17. f5 Bd7 18. Ng3 Rf7 {1-0 Lebrun,B (2207)-Lucas,J (2214) FRA-chT2S 0203 2002 (5.6)}) 12... Nec6 (12... e5 $1 $11) 13. Nge2 {[%emt 0:07:43] White is better.} Rb8 14. g5 (14. Nxd4 $14 cxd4 15. Ne2) 14... b5 (14... fxg5 $11 15. hxg5 e5) 15. Nxd4 (15. gxf6+ $1 $16 Qxf6 16. e5 dxe5 17. Bxc6 Nxc6 18. Ne4) 15... Nxd4 $11 16. O-O-O (16. O-O $11 {remains equal.}) 16... b4 (16... fxg5 $1 $17 17. fxg5 (17. hxg5 $2 b4 $19) 17... b4) 17. Ne2 Qa5 18. Kb1 Rb6 19. Nc1 {[%emt 0:06:24] And now h5 would win.} Bd7 $2 (19... Ra6 $11) 20. h5 $18 Ba4 21. b3 (21. gxf6+ $142 Rxf6 22. b3) 21... Nb5 $2 (21... Be8 22. hxg6 Bxg6) 22. Ne2 $2 (22. bxa4 Nc3+ 23. Ka1 Qxa4 24. hxg6 Ra6 25. Rxh7+ Kg8 $11) (22. Ka1 $18) 22... Nc3+ $11 23. Nxc3 bxc3 24. Qc1 $36 {[%emt 0:00:24][%mdl 2048] White is more active.} (24. gxf6+ $5 Rxf6 25. Qc1 $11) 24... fxg5 ({Better is} 24... Ra6 $14 25. gxf6+ (25. bxa4 Qxa4) 25... Kxf6) 25. f5 $2 (25. fxg5 $2 Bxb3 26. cxb3 Rf2 27. h6+ Kh8 $19) (25. hxg6 $16 h6 26. e5 (26. fxg5 $2 Bxb3 27. gxh6+ Kxg6 $19)) 25... Ra6 $1 $17 {[%emt 0:02:21][%cal Oa4b3] ( -> ...Bxb3!)} 26. a3 {[%emt 0:05:21] [#]} (26. bxa4 Qxa4 27. f6+ Kh8 28. a3 Rb8+ 29. Ka2 Qxa3+ 30. Qxa3 Rb2+ {[%mdl 64] Deflection, Double Attack} 31. Ka1 Rxa3#) (26. Qa3 $1 $15) 26... Rb8 $2 {[%emt 0:00:37] [#]} (26... gxf5 $6 27. exf5 (27. bxa4 Qxa4 28. h6+ Kh8 29. e5 Rb8+) (27. Qxg5+ $2 Kf7 $19) 27... h6 28. fxe6 $11) (26... Rb6 $1 $17 {[%cal Oa4b3] ...Bxb3! is the strong threat.} 27. hxg6 (27. fxe6 $2 Bxb3 28. Ka1 Bxe6 $19) 27... Bxb3 28. Rxh7+ (28. cxb3 $2 Rxb3+ 29. Ka2 Rfb8 $19) 28... Kf6) 27. f6+ $1 $16 (27. fxe6 Bxb3 28. Rdf1 Bxe6+) 27... Kf8 $2 (27... Kxf6 $16 28. Rdf1+ Kg7 29. Qxg5 Bxb3 30. Qe7+ (30. cxb3 Qxa3 31. Qe7+ Kg8 $11) 30... Kg8 31. Qf7+ (31. cxb3 {leads to mate.} Rxb3+ 32. Kc2 Rb2+ {[%mdl 64] Skewer} 33. Kd1 c2+ 34. Ke2 c1=Q+ 35. Kf3 Qe3+ {[%mdl 64] Decoy} 36. Kxe3 Qd2+ 37. Kf3 Qxd3+ 38. Kf4 Qd2+ 39. Kg3 Qxg2+ 40. Kh4 Qxe4+ 41. Kg5 Rg2+ 42. Kh6 Qe3+) 31... Kh8 32. Qf6+ (32. cxb3 Rxb3+ 33. Kc2 Rb2+ {[%mdl 64] Skewer} 34. Kd1 c2+ 35. Kc1 Rb1+ 36. Kxc2 Rb2+ {[%mdl 64] Skewer, Decoy} 37. Kxb2 Qd2+ 38. Kb3 Qxd3+ 39. Kb2 Rb6+ 40. Ka2 Qe2+ 41. Ka1 Qb2#) (32. hxg6 Bxc2+ {[%mdl 64] Decoy} 33. Kxc2 Qa4+ 34. Kxc3 Qd4+ 35. Kc2 Rb2+ {[%mdl 64] Skewer, Deflection} 36. Kd1 Qxd3+ 37. Ke1 Qe2#) 32... Kg8 33. hxg6 (33. cxb3 Qxa3 34. Qxe6+ Kh8 $11) (33. Qf7+ Kh8 $18) 33... Bxc2+ {[%mdl 64] Decoy} 34. Kxc2 Qa4+ 35. Kxc3 Qd4+ 36. Qxd4 Rxa3+ 37. Kd2 cxd4) 28. Ka2 $4 {[%emt 0:01:21][%mdl 8192] [#]} (28. Qxg5 {is a self mate.} Bxb3 29. Qh6+ Ke8 30. f7+ Kd7 31. Qc1 Bd5+) (28. hxg6 $18 Bxb3 29. cxb3) 28... Bxb3+ $1 29. cxb3 Qb4 {[%emt 0:00:04] An exciting game.   Weighted Error Value: White=0.80/Black=0.67} 0-1

[Event "Oceania Zonal Open 2023"]
[Site "Melbourne"]
[Date "2023.01.24"]
[Round "2.9"]
[White "Winkelman, Albert"]
[Black "Do, Aaron"]
[Result "1-0"]
[ECO "D30"]
[WhiteElo "2272"]
[BlackElo "1803"]
[Annotator "TA"]
[PlyCount "45"]
[EventDate "2023.01.09"]
[EventType "swiss"]
[EventCountry "AUS"]
[SourceTitle "playchess.com"]
[Source "ChessBase"]
[SourceQuality "1"]
[TimeControl "5400+30"]

1. d4 d5 2. c4 c6 3. Nf3 Nf6 4. e3 e6 5. b3 Nbd7 6. Bb2 {[%emt 0:00:16] D30: Queen's Gambit Declined: Systems without Nc3.} Bb4+ 7. Nbd2 O-O 8. Bd3 {[%emt 0:00:28] White has an edge.} Re8 {[%emt 0:04:54] [#]} 9. Qe2 $146 ({Predecessor:} 9. O-O Bd6 10. Ne5 Nf8 11. f4 N6d7 12. Qh5 Qe7 13. e4 Nf6 14. Qe2 Nxe4 15. Nxe4 dxe4 16. Qxe4 {½-½ Malka,S (2265)-Lopez Rayo,I (1887) Cali Valle Colombia op-A 2022 (7)}) 9... Bd6 10. Ne5 $1 Bc7 11. O-O {[%emt 0:01:30] White has more active pieces. The black rooks are badly placed.} dxc4 (11... Nxe5 $142 12. dxe5 Nd7) 12. Ndxc4 Nxe5 13. dxe5 ({Don't take} 13. Nxe5 a5 $16) 13... Nd5 14. Qh5 h6 15. Rad1 Qg5 {[%emt 0:06:48] Repels f4} 16. Qh3 b5 17. Nd2 f5 {[%emt 0:10:04] Against Ne4} (17... Bxe5 $2 18. Nf3 Bxb2 19. Nxg5 hxg5 20. Qh7+ Kf8 21. Qh8+ Ke7 22. Qh5 $18) (17... h5 $16 18. Ne4 Qh6) 18. exf6 $18 Nxf6 19. Qf3 Rf8 $2 {[%emt 0:13:58] [#]} (19... Bb7 $16 {was necessary.} 20. Ne4 Nxe4) 20. Ne4 ({But not} 20. Qxc6 Qd5 21. Qxc7 Qxd3 $18) 20... Nxe4 (20... Qh4 $142 21. g3 Nxe4) 21. Qxe4 {[%emt 0:00:08] White is clearly winning.} Rb8 22. Qh7+ Kf7 23. f4 {[%emt 0:00:07] Black did not feel at home in the position after the opening.   Weighted Error Value: White=0.10 (very precise) /Black=0.46} 1-0

[Event "Oceania Zonal Open 2023"]
[Site "Melbourne"]
[Date "2023.01.24"]
[Round "2.9"]
[White "Annapureddy, Rheyansh Reddy"]
[Black "Fu, Yihe"]
[Result "0-1"]
[ECO "D00"]
[WhiteElo "1778"]
[BlackElo "2149"]
[Annotator "TA"]
[PlyCount "132"]
[EventDate "2023.01.09"]
[EventType "swiss"]
[EventCountry "AUS"]
[SourceTitle "playchess.com"]
[Source "ChessBase"]
[SourceQuality "1"]
[TimeControl "5400+30"]

1. d4 Nf6 2. Nc3 d5 3. Bf4 e6 4. Nb5 Na6 5. e3 c6 6. Nc3 {[%emt 0:00:11] D00: 1 d4 d5: Unusual lines.} Bb4 7. Bxa6 bxa6 8. Nge2 {[%emt 0:00:08] The position is equal.} Nh5 {[%emt 0:03:53] [#]} 9. a3 $146 ({Predecessor:} 9. Be5 f6 10. Ng3 Nxg3 11. Bxg3 a5 12. O-O Ba6 13. Re1 O-O 14. a3 Bxc3 15. bxc3 {1-0 Bortnyk,O (2605)-Klimkowski,J (2322) Titled Tuesday intern op 13th July blitz 2021 (3)}) 9... Nxf4 10. exf4 Bd6 11. Na4 a5 12. Qd3 Rb8 13. O-O O-O 14. c3 Qc7 15. g3 f6 16. b4 e5 17. dxe5 fxe5 18. fxe5 Bxe5 19. f4 Bf5 {[%emt 0:00:59] This pair of bishops is nice.} 20. Qe3 Bd6 21. Nd4 Rbe8 22. Qf2 Be4 $36 {[%emt 0:01:46][%mdl 2048] Black is more active.} (22... Bh3 $5 23. Rfe1 $8 Bg4 $11) 23. Qd2 (23. Rae1 $11 {keeps the balance.}) 23... Rf6 $17 24. Rae1 Ref8 25. c4 Qc8 {[%emt 0:07:37][%cal Od6f4] Threatens to win with ...Bxf4!} 26. c5 $2 {[%emt 0:02:32][%mdl 8192] [#] White does not recover from this.} (26. bxa5 $2 {too greedy.} Bxf4 27. Rxf4 Rxf4 $19) (26. f5 $17) 26... Bxf4 $1 $19 27. Rxf4 Rxf4 {[%emt 0:00:13][%mdl 64] Remove Defender} 28. gxf4 Qg4+ 29. Kf2 Rxf4+ (29... Qxf4+ $2 30. Qxf4 Rxf4+ 31. Kg3 $18) 30. Ke3 Qg5 31. Nb3 Rf3+ 32. Ke2 Qg2+ (32... Qg4 $142 33. Kd1 Rxb3+ {[%mdl 64] Discovered Attack} 34. Qe2 Bf3 35. Kc2 Bxe2 36. Kxb3 Bd1+ 37. Rxd1 Qxd1+ 38. Kc3 Qxa4 39. h3 Qd1 40. b5 cxb5 41. c6 d4+ 42. Kb2 d3 43. c7 Qc2+ 44. Ka1 Qxc7 45. h4 Qc2 46. a4 d2 47. axb5 d1=Q#) 33. Kd1 Rd3 {[%emt 0:01:18][%mdl 64] Pin} 34. Kc1 Rxd2 35. Nxd2 Qf2 36. Rd1 Bg6 37. Kb2 Qd4+ 38. Nc3 axb4 39. axb4 Qf2 {[%emt 0:01:35] Hoping for ...d4.} 40. b5 Bh5 {[%emt 0:01:00][%mdl 64] Deflection} 41. Rc1 Qxd2+ 42. Rc2 Qd4 43. bxc6 Qb4+ 44. Kc1 Bg6 {[%emt 0:01:52] ( -> ...Qb3)} 45. Nxd5 Qa3+ 46. Kd2 Qd3+ 47. Ke1 Qxd5 48. c7 Qe5+ 49. Kd2 Qxh2+ 50. Ke1 Qxc7 51. Rc3 Qa5 52. Kd2 Be4 53. c6 Bxc6 54. Kc2 h5 55. Kb2 Qb4+ 56. Rb3 Qd4+ 57. Ka3 Qa1+ 58. Kb4 a5+ 59. Kc5 Qe5+ 60. Kxc6 {[%emt 0:00:19] KQ-KR} Qe6+ 61. Kb5 Qxb3+ 62. Kxa5 h4 63. Ka6 h3 64. Ka7 h2 65. Ka6 h1=Q 66. Ka5 Qa8# {[%emt 0:00:04] Artfully played by Fu.   Weighted Error Value: White=0.93/Black=0.40} 0-1

[Event "Oceania Zonal Open 2023"]
[Site "Melbourne"]
[Date "2023.01.24"]
[Round "2.10"]
[White "Rujevic, Mirko"]
[Black "Chiverton, Fergus"]
[Result "1-0"]
[ECO "C67"]
[WhiteElo "2141"]
[BlackElo "1776"]
[Annotator "TA"]
[PlyCount "85"]
[EventDate "2023.01.09"]
[EventType "swiss"]
[EventCountry "AUS"]
[SourceTitle "playchess.com"]
[Source "ChessBase"]
[SourceQuality "1"]
[TimeControl "5400+30"]

1. e4 e5 2. Nf3 Nc6 3. Bb5 Nf6 4. O-O Nxe4 5. d4 Nd6 6. Bxc6 dxc6 7. dxe5 Nf5 8. Qxd8+ Kxd8 9. h3 {[%emt 0:01:50] Nowadays more popular than 9.Nc3.} h5 {[%emt 0:02:12] C67: Ruy Lopez: Berlin Defence: 4 0-0 Nxe4.} 10. Nc3 Be6 11. b3 Be7 {[%emt 0:03:41] The position is equal.} 12. Ne4 {[%emt 0:07:07] [#]} Kc8 $146 ({Predecessor:} 12... b6 13. Rd1+ Kc8 14. Nfg5 Bd5 15. c4 Bxe4 16. Nxe4 a5 17. a4 Rd8 18. Bb2 Kb7 {½-½ Kostal,J (2324)-Kuta,J (2379) CZE-ch SC15 email 2015}) 13. Bb2 b6 14. Rad1 Kb7 (14... Bd5 $5 15. Rfe1 Kb7 $11) 15. Nfg5 Rad8 (15... Bxg5 $11 16. Nxg5 a5) 16. Rfe1 (16. Rxd8 $14 Rxd8 17. Nxe6 fxe6 18. g4) 16... c5 17. Nxe6 fxe6 18. c3 Rh6 ({Black should try} 18... a5 $11) 19. Rxd8 $14 Bxd8 20. Rd1 Be7 21. Kf1 Kc6 22. Bc1 Rh8 23. Bg5 Rf8 {[%emt 0:17:43] [#] ...Bxg5 is the strong threat.} 24. Rd3 Bxg5 ({Better is} 24... Rf7 $14) 25. Nxg5 {[%emt 0:00:15][%mdl 4096] Endgame KRN-KRN} Re8 26. g3 Re7 27. Ke2 Nh6 28. f4 c4 29. bxc4 Nf7 30. Ne4 {[%emt 0:00:52] White is more active.} Re8 31. Rd4 Rg8 32. c5 bxc5 {[%emt 0:03:04] [#] Black cannot hold the game after this.} (32... b5 $16) 33. Rc4 $1 $18 Rb8 (33... g5 $142 34. Rxc5+ Kb7 35. Rb5+ Kc6 36. Rc5+ Kb7 37. Rb5+ Kc6 38. Rc5+) 34. Rxc5+ ({Weaker is} 34. Nxc5 Kd5 35. Kd3 Rb1 $18) 34... Kd7 35. Ra5 Ra8 36. Nc5+ {[%emt 0:00:37] White is clearly winning.} Ke7 37. Ra6 Nd8 38. g4 hxg4 39. hxg4 g6 40. Ke3 c6 41. Ra4 Nf7 42. Rb4 a5 43. Rb7+ {[%emt 0:00:07][%mdl 64] Deflection.   Weighted Error Value: White=0.10 (very precise) /Black=0.35} 1-0

[Event "Oceania Zonal Open 2023"]
[Site "Melbourne"]
[Date "2023.01.24"]
[Round "2.10"]
[White "Jothibabu, Anandaram"]
[Black "Croad, Nicolas"]
[Result "1/2-1/2"]
[ECO "A13"]
[WhiteElo "1807"]
[BlackElo "2218"]
[Annotator "TA"]
[PlyCount "148"]
[EventDate "2023.01.09"]
[EventType "swiss"]
[EventCountry "AUS"]
[SourceTitle "playchess.com"]
[Source "ChessBase"]
[SourceQuality "1"]
[TimeControl "5400+30"]

1. c4 e6 2. g3 d5 3. Bg2 Nf6 4. Nf3 d4 5. d3 c5 6. Bg5 {[%emt 0:02:04] [#] A13: English Opening: 1...e6.} Nbd7 $146 (6... h6 $142 7. Bxf6 Qxf6) ({Predecessor:} 6... Be7 7. O-O Nc6 8. Nbd2 h6 9. Bxf6 Bxf6 10. h3 g5 11. Nh2 Qc7 12. a3 a5 {0-1 Bores,M (2178)-Bargel,M (2180) CZE-chT2B 1617 2016 (9.4)}) 7. e4 (7. e3 $11) 7... dxe3 (7... e5 $15) 8. fxe3 (8. Bxe3 $14 b6 9. Nfd2) 8... Be7 9. O-O h6 10. Bf4 O-O (10... g5 $1 $15 11. Be5 g4) 11. Nc3 (11. e4 $5) 11... Nh5 (11... g5 $5) 12. Ne5 (12. Be5 $11) 12... Nxf4 $15 13. exf4 (13. gxf4 $15 Nxe5 14. fxe5) 13... Nxe5 $17 {[%emt 0:01:05][%mdl 64] Discovered Attack} 14. fxe5 Qd4+ 15. Kh1 Qxe5 16. Qc2 Rd8 17. Qf2 f5 (17... Rxd3 $2 18. Qxf7+ Kh8 19. Qe8+ Kh7 20. Be4+ $18) (17... Qf6 $17 {aiming for ...Qxf2.} 18. Qe2 Qd4) 18. Rfe1 (18. Rae1 $15 Qf6 19. Nb5) 18... Qd4 19. Qxd4 cxd4 20. Nd5 Kf7 ({But not} 20... exd5 21. Rxe7 dxc4 22. dxc4 $11) 21. Nxe7 Kxe7 22. Re5 Rb8 23. Rae1 Kf6 24. b4 Bd7 25. Kg1 Re8 26. b5 b6 27. a4 Rbc8 28. Kf2 g5 29. h3 h5 30. h4 (30. g4 $1 $15) 30... Rc7 ({Better is} 30... g4 $1 $17) 31. Bf3 (31. hxg5+ $15 Kxg5 32. Rh1) 31... gxh4 ({Black should play} 31... g4 $17 32. Bg2 Re7) 32. gxh4 $15 Bc8 33. R5e2 Rg7 34. Rg1 (34. Rc1 $15) 34... Reg8 $2 (34... Rxg1 $19 35. Kxg1 e5) 35. Rxg7 $11 Rxg7 {[%emt 0:00:05][%mdl 4096] Endgame KRB-KRB} 36. Rc2 (36. c5 $5) 36... Bb7 {[%emt 0:02:41] And now ...Bxf3 would win.} 37. c5 Bxf3 38. Kxf3 bxc5 39. Rxc5 {[%emt 0:00:02] KR-KR} Rb7 40. Kf4 Rg7 {[%emt 0:00:05] White must now prevent ...Rg2.} 41. Kf3 {[%emt 0:00:09] Prevents Rg2.} Re7 42. Rc6 Ke5 43. Rc5+ (43. Ra6 $15) 43... Kd6 $1 $17 44. Rc6+ Kd5 $1 {[%emt 0:00:07] Hoping for ...e5.} 45. Kf4 (45. Ke2 $17 {keeps fighting.}) 45... Rg7 46. Ra6 Rf7 47. a5 $2 (47. Ra5 $17 e5+ 48. Kg3 (48. Kg5 Kd6 $17)) 47... e5+ $1 $19 48. Kf3 e4+ 49. Ke2 Rb7 50. b6 (50. Rh6 $142 Rxb5 51. Rxh5 Rb2+ 52. Kd1) 50... axb6 51. axb6 {[%emt 0:00:06] [#]} Ke5 $2 (51... e3 $1 $19 {...Kc6 would be deadly.} 52. Ra5+ Kc6 53. Rxf5 Rxb6 54. Rf6+ Kb5 55. Rf5+ Ka4) 52. Ra5+ $11 Kf4 53. Rb5 {[%emt 0:00:55][%mdl 8192] [#]} (53. dxe4 $1 $11 fxe4 54. Rb5) 53... Kg4 $2 (53... e3 $1 $19 54. Rb1 Kg3 55. Rg1+ Kxh4) 54. Rb4 Kxh4 55. dxe4 fxe4 56. Rxd4 Rxb6 57. Rxe4+ Kg3 58. Re3+ Kg2 59. Re5 Rb2+ 60. Ke1 h4 61. Rg5+ Kf3 62. Rf5+ $1 Kg4 (62... Ke3 $5 63. Kf1 $8 Rh2 $11) 63. Rf8 h3 64. Kf1 Kg3 $2 (64... Rb1+ 65. Ke2 h2 66. Rg8+ Kf5 67. Rf8+ Kg6 68. Rg8+ Kh7 69. Rg5 h1=Q 70. Kd3 Qf3+ 71. Kd4 Qf4+ 72. Kc5 Qxg5+ 73. Kd4 Qd2+ 74. Kc4 Rc1+ 75. Kb3 Rc3+ 76. Ka4 Qb2 77. Ka5 Ra3#) 65. Rg8+ {[%emt 0:00:22] The position is equal.} Kf3 66. Rf8+ Kg3 67. Rg8+ Kh2 68. Rg7 Rg2 69. Rh7 Rg8 70. Rf7 Rg4 71. Kf2 Rb4 72. Rf8 Rb2+ 73. Kf1 Kg3 {[%emt 0:01:06] Strongly threatening ...Rb1+.} 74. Rg8+ Kf3 {[%emt 0:00:05] Weighted Error Value: White=0.53/Black=0.33} 1/2-1/2

[Event "Oceania Zonal Open 2023"]
[Site "Melbourne"]
[Date "2023.01.24"]
[Round "2.11"]
[White "Jordan, William"]
[Black "Thomas, Brian"]
[Result "1/2-1/2"]
[ECO "C02"]
[WhiteElo "2181"]
[BlackElo "1798"]
[Annotator "TA"]
[PlyCount "69"]
[EventDate "2023.01.09"]
[EventType "swiss"]
[EventCountry "AUS"]
[SourceTitle "playchess.com"]
[Source "ChessBase"]
[SourceQuality "1"]
[TimeControl "5400+30"]

1. e4 e6 2. d4 d5 3. e5 c5 4. c3 Nc6 5. Nf3 Qb6 6. a3 c4 7. Nbd2 Na5 8. Be2 Bd7 9. O-O h6 10. Rb1 Ne7 11. Qc2 Rc8 {[%emt 0:19:52] [#] C02: French: Advance Variation.} 12. Ne1 $146 ({Predecessor:} 12. Bd1 Nf5 13. b3 cxb3 14. Nxb3 Ba4 15. Qa2 Nxb3 16. Bxb3 Bxb3 17. Rxb3 Qc7 18. Bd2 {½-½ Pulpan,M (1861)-Marinc,D (2016) Prague Summer op-B 2nd 2015 (9)}) 12... Nf5 13. g4 (13. g3 $5) 13... Nh4 14. f4 g6 15. Nef3 Nxf3+ 16. Rxf3 Be7 17. Bd1 Nb3 18. Nxb3 Ba4 {[%emt 0:00:59][%cal Ra4b3][%mdl 64] [#] Pin} 19. Qd2 {[%emt 0:01:42][%cal Ob3c5] Threatens to win with Nc5!} Bxb3 20. Be2 Kd7 21. Rh3 Rcg8 22. Kh1 (22. Bf3 $11 {is more appropriate.}) 22... Kc8 (22... Qb5 $15) 23. Bf3 $11 Ba4 24. Ra1 Qb3 (24... f6 $15) 25. Rg3 (25. f5 $5 ) 25... Qc2 26. Qe1 $2 (26. Qe3 $11) 26... Bh4 $19 {[%emt 0:01:40][%mdl 64] [#] Skewer} 27. Kg1 Bxg3 28. hxg3 Qd3 29. Be3 Kd7 30. Rc1 Rc8 $2 (30... g5 $19 {[%cal Oh6h5] And now ...h5! would win.} 31. Qe2 Qxe2 32. Bxe2 gxf4 33. Bxf4 b5) 31. Kf2 $11 {[%emt 0:00:36] The position is equal.} h5 {[%emt 0:03:36] Hoping for ...hxg4.} 32. Be2 Qe4 33. Bf3 Qd3 {[%emt 0:00:28] ...hxg4 would be deadly.} 34. Be2 Qe4 35. Bf3 {[%emt 0:01:00] Weighted Error Value: White=0.29 (precise) /Black=0.34} 1/2-1/2